 Dungeon Crawl Stone Soup version 0.23-a0-54-gae6112e (webtiles) character file.

2727 Amnesiac the Destroyer (level 9, -4/57 HPs)
             Began as a Mummy Conjurer on Aug 8, 2018.
             Was an Initiate of Dithmenos.
             Slain by a reaper
             ... wielding a +4 scythe of flaming
             ... summoned by the malice of Kikubaaqudgha
              (24 damage)
             ... on level 7 of the Dungeon.
             The game lasted 00:15:54 (7891 turns).

Amnesiac the Destroyer (Mummy Conjurer)             Turns: 7891, Time: 00:15:55

Health: -4/57      AC:  5    Str: 11    XL:     9   Next: 40%
Magic:  9/21       EV: 11    Int: 18    God:    Dithmenos [......]
Gold:   254        SH:  0    Dex: 12    Spells: 2/24 levels left

rFire    x . .     SeeInvis .   t - +4 long sword
rCold    + . .     Gourm    .   (no shield)
rNeg     + + +     Faith    .   r - +0 leather armour (curse)
rPois    ∞         Spirit   .   (no helmet)
rElec    .         Reflect  .   h - +0 cloak
rCorr    .         Harm     .   (no gloves)
MR       +....                  f - +0 pair of boots
Stlth    +.........             n - amulet of the acrobat
HPRegen  0.19/turn              q - ring of wizardry
MPRegen  0.17/turn              (no ring)

@: no status effects
A: no food or potions, fire vulnerability, cold resistance 1, negative energy
resistance 3, torment resistance, unbreathing
a: Renounce Religion


You were on level 7 of the Dungeon.
You worshipped Dithmenos.
Dithmenos was noncommittal.
You were not hungry.

You visited 2 branches of the dungeon, and saw 9 of its levels.

You collected 254 gold pieces.

Inventory:

Hand Weapons
 b - a +0 blowgun
 t - a +4 long sword (weapon)
Missiles
 i - 87 sling bullets
 j - 211 stones (quivered)
 m - 6 poisoned needles
Armour
 f - a +0 pair of boots (worn)
 h - a +0 cloak (worn)
 k - a +0 robe
 r - a cursed +0 leather armour (worn)
Jewellery
 n - an amulet of the acrobat (around neck)
 q - a ring of wizardry (left hand)
Wands
 a - a wand of clouds (5)
Scrolls
 c - 2 scrolls of fog {!r}
 d - a scroll of enchant armour {!r}
 e - 4 scrolls of remove curse {!r}
 g - a scroll of blinking {!r}
 l - 2 scrolls of amnesia {!r}
 o - 4 scrolls of identify {!r}
 p - 4 scrolls of teleportation {!r}


   Skills:
 - Level 1.5 Dodging
 - Level 1.5 Stealth
 + Level 8.4 Spellcasting
 * Level 8.5 Conjurations
 - Level 6.0 Necromancy


You had 2 spell levels left.
You knew the following spells:

 Your Spells              Type           Power        Failure   Level  Hunger
a - Pain                  Necr           ####         1%          1    N/A
b - Iskenderun's Mystic   Conj           #####...     1%          4    N/A
c - Force Lance           Conj/Tloc      ###.....     9%          4    N/A
d - Searing Ray           Conj           #####.       1%          2    N/A
e - Dispel Undead         Necr           ####....     12%         5    N/A
q - Fulminant Prism       Conj/Hex       ###.......   9%          4    N/A
s - Corpse Rot            Necr           N/A          1%          2    N/A

Your spell library contained the following spells:

 Spells                   Type           Power        Failure   Level  Hunger
 Magic Dart               Conj           ####         1%          1    N/A
 Animate Dead             Necr           N/A          4%          4    N/A
 Animate Skeleton         Necr           N/A          1%          1    N/A
 Vampiric Draining        Necr           ####......   1%          3    N/A
 Agony                    Necr           ####....     12%         5    N/A
 Excruciating Wounds      Chrm/Necr      ###.......   36%         5    N/A
 Dazzling Spray           Conj/Hex       ###...       2%          3    N/A
 Borgnjor's Vile Clutch   Necr/Erth      ###.......   36%         5    N/A

Dungeon Overview and Level Annotations

Branches:
Dungeon (8/15)             Temple (1/1) D:4
   Lair: D:8-11

Altars:
Ashenzari
Dithmenos
Elyvilon
Fedhas
Gozag
Hepliaklqana
Kikubaaqudgha
Makhleb
Nemelex Xobeh
Okawaru
Qazlal
Ru
Sif Muna
Trog
Wu Jian
Xom
Yredelemnul
The Shining One

Shops:
D:4 [


Innate Abilities, Weirdness & Mutations

You do not eat or drink.
Your flesh is vulnerable to fire.
You are immune to poison.
Your flesh is cold resistant. (rC+)
You are immune to negative energy. (rN+++)
You are immune to unholy pain and torment.
You can survive without breathing.


Message History

Aim: a killer bee (heavily wounded, chance to defeat MR: 89%)
The killer bee writhes in agony!
The killer bee stings you! The killer bee completely misses you.
The killer bee stings you but does no damage. x2
Unknown command.
Casting: Pain (safe; 1% risk of failure)
Confirm with . or Enter, or press ? or * to list all spells.
Aiming: Pain (safe; 1% risk of failure)
Press: ? - help, Shift-Dir - straight line, f/p - killer bee
Aim: a killer bee (severely wounded, chance to defeat MR: 89%)
The killer bee writhes in agony!
You kill the killer bee!
Dithmenos accepts your kill. The killer bee barely misses you.
You riposte.
You barely miss the killer bee. The killer bee stings you!
Unknown command.
Casting: Pain (safe; 1% risk of failure)
Confirm with . or Enter, or press ? or * to list all spells.
Aiming: Pain (safe; 1% risk of failure)
Press: ? - help, Shift-Dir - straight line, f - killer bee
Aim: a killer bee (chance to defeat MR: 89%)
The killer bee barely resists.
The killer bee stings you. x2
* * * LOW HITPOINT WARNING * * *
Unknown command.
Casting: Pain (safe; 1% risk of failure)
Confirm with . or Enter, or press ? or * to list all spells.
Aiming: Pain (safe; 1% risk of failure)
Press: ? - help, Shift-Dir - straight line, f/p - killer bee
Aim: a killer bee (chance to defeat MR: 89%)
The killer bee barely resists.
The killer bee stings you.
* * * LOW HITPOINT WARNING * * *
The killer bee stings you.
* * * LOW HITPOINT WARNING * * *
Unknown command.
Casting: Pain (safe; 1% risk of failure)
Confirm with . or Enter, or press ? or * to list all spells.
Aiming: Pain (safe; 1% risk of failure)
Press: ? - help, Shift-Dir - straight line, f/p - killer bee
Aim: a killer bee (chance to defeat MR: 89%)
The killer bee writhes in agony!
The killer bee stings you but does no damage. x2
Unknown command.
Casting: Pain (safe; 1% risk of failure)
Confirm with . or Enter, or press ? or * to list all spells.
Aiming: Pain (safe; 1% risk of failure)
Press: ? - help, Shift-Dir - straight line, f/p - killer bee
Aim: a killer bee (heavily wounded, chance to defeat MR: 89%) Kikubaaqudgha does not allow the disloyal to dabble in death!
Death has come for you...
The killer bee writhes in agony!
The killer bee completely misses you.
You riposte.
You barely miss the killer bee.
The killer bee is almost dead.
The killer bee barely misses you.
Unknown command.
Casting: Pain (safe; 1% risk of failure)
Confirm with . or Enter, or press ? or * to list all spells.
Aiming: Pain (safe; 1% risk of failure)
Press: ? - help, Shift-Dir - straight line, f/p - killer bee
Aim: a killer bee (almost dead, chance to defeat MR: 89%)
The killer bee writhes in agony!
You kill the killer bee!
Dithmenos accepts your kill.
The reaper hits you from afar with a scythe of flaming!!
You die...

#.............. #.......^......
#.............. #.......<.###..
###.).......# #..
#...........###..
####)2........##...†
#...).........#.....
##############.†@.............###
................##........##..###
############..####.........#.....
# ####......!..÷........#.......
####....###..###............##..#
.....######..##..#..............#
.######.....###)######......##..#
####......####.........##........
##...%..#####.†#.########.....#..


You could see a reaper.

Vanquished Creatures
  Sigmund (D:2)
  A water moccasin (D:5)
  An ice beast (D:6)
  2 sky beasts
  2 orc warriors
  A necrophage (D:6)
  3 ogres
  A centaur (D:6)
  2 bullfrogs
  A wyvern zombie (D:3)
  A scorpion (D:4)
  2 killer bees (D:7)
  3 wights
  3 crimson imps
  A jelly (D:4)
  Crazy Yiuf (D:2)
  3 orc priests
  A gnoll shaman (D:7)
  3 hounds (D:5)
  5 orc wizards
  3 iguanas
  A centaur skeleton (D:6)
  Terence (D:3)
  A worker ant (D:5)
  An ogre skeleton (D:6)
  2 hound zombies (D:4)
  A hound skeleton (D:6)
  A howler monkey zombie (D:4)
  2 worker ant zombies (D:4)
  7 gnolls
  13 adders
  3 shadow imps
  An ufetubus (D:6)
  2 oozes (D:5)
  4 adder skeletons
  2 adder zombies (D:4)
  4 orc skeletons (D:6)
  4 worms
  3 dart slugs
  2 leopard geckos
  22 orcs
  5 giant cockroaches
  5 goblins
  5 hobgoblins
  16 jackals
  11 kobolds
  4 quokkas
  A ball python (D:5)
  7 bats
  5 frilled lizards
  A frilled lizard skeleton (D:6)
  A giant cockroach zombie (D:4)
  A hobgoblin skeleton (D:6)
  A jackal skeleton (D:4)
  A jackal zombie (D:4)
  A leopard gecko skeleton (D:7)
  4 leopard gecko zombies
  A quokka skeleton (D:6)
  7 rats
  A rat skeleton (D:6)
196 creatures vanquished.

Notes
Turn   | Place    | Note
-------+----------+-------------------------------------------
     0 | D:1      | Amnesiac the Mummy Conjurer began the quest for the Orb.
     0 | D:1      | Reached XP level 1. HP: 13/13 MP: 4/4
   330 | D:1      | Reached XP level 2. HP: 19/19 MP: 0/6
   334 | D:1      | Learned a level 2 spell: Searing Ray
   596 | D:3      | Reached XP level 3. HP: 23/24 MP: 2/8
   660 | D:4      | Reached XP level 4. HP: 30/30 MP: 2/10
   667 | D:4      | Learned a level 4 spell: Iskenderun's Mystic Blast
   983 | D:4      | Reached XP level 5. HP: 35/35 MP: 5/11
   989 | D:4      | Learned a level 4 spell: Force Lance
  1028 | D:4      | Found Ugudus's Antique Armour Boutique.
  1186 | D:4      | Found an ancient bone altar of Kikubaaqudgha.
  1197 | D:4      | Became a worshipper of Kikubaaqudgha
  1246 | D:5      | Entered Level 5 of the Dungeon
  1303 | D:3      | Noticed an ogre
  1310 | D:3      | Killed an ogre
  1310 | D:3      | Reached skill level 5 in Spellcasting
  1310 | D:3      | Reached skill level 5 in Conjurations
  2189 | D:2      | Reached XP level 6. HP: 41/41 MP: 3/13
  2195 | D:2      | Learned a level 4 spell: Fulminant Prism
  2270 | D:3      | Found a burning altar of Makhleb.
  2270 | D:3      | Noticed Terence
  2275 | D:3      | Killed Terence
  2291 | D:2      | Noticed Sigmund
  2400 | D:2      | Killed Sigmund
  2538 | D:2      | Reached * piety under Kikubaaqudgha
  2538 | D:2      | Identified Kikubaaqudgha's Grimoire of Evil (Kikubaaqudgha gifted it to you on level 2 of the Dungeon)
  2538 | D:2      | Received a gift from Kikubaaqudgha
  2542 | D:2      | Learned a level 1 spell: Pain
  2602 | D:2      | Found a runed door.
  2718 | D:2      | Noticed Crazy Yiuf
  2722 | D:2      | Killed Crazy Yiuf
  2769 | D:3      | Reached XP level 7. HP: 45/46 MP: 5/15
  2775 | D:3      | Learned a level 2 spell: Corpse Rot
  2913 | D:3      | Reached skill level 1 in Necromancy
  3446 | D:3      | Found an opulent altar of Gozag.
  3920 | D:4      | Found a staircase to the Ecumenical Temple.
  3922 | D:4      | Found a faded altar of an unknown god.
  3938 | Temple   | Entered the Ecumenical Temple
  4167 | D:4      | Reached ** piety under Kikubaaqudgha
  4886 | D:5      | Reached skill level 5 in Necromancy
  4886 | D:5      | Reached XP level 8. HP: 42/52 MP: 6/17
  5696 | D:6      | Reached *** piety under Kikubaaqudgha
  5696 | D:6      | Identified Kikubaaqudgha's Reference Book on Darkness (Kikubaaqudgha gifted it to you on level 6 of the Dungeon)
  5696 | D:6      | Received a gift from Kikubaaqudgha
  5718 | D:5      | Fell from the grace of Kikubaaqudgha
  5876 | Temple   | Became a worshipper of Dithmenos the Shadowed
  6996 | D:6      | Reached XP level 9. HP: 26/57 MP: 3/20
  7204 | D:6      | Found a basalt altar of Yredelemnul.
  7370 | D:6      | Learned a level 5 spell: Dispel Undead
  7890 | D:7      | Noticed a reaper
  7891 | D:7      | Slain by a reaper

Vault maps used:
D:1:      dpeg_arrival_central
D:2:      minmay_tromino_i2, uniq_crazy_yiuf_cottage, uniq_sigmund
D:3:      wad_river_or_something, lemuel_crystal_altar,
          nicolae_overflow_crystal_walls, uniq_terence
D:4:      lemuel_round_altar, nicolae_temple_entry_ecumenical, serial_undead,
          serial_undead_d, serial_undead_d, serial_undead_b, serial_undead_d,
          serial_undead_c, serial_undead_a, serial_undead_c, serial_undead_a,
          serial_shops, nicolae_shop_stone, first_ration
D:6:      marbit_many_paths
D:8:      old_standard_altar, slow_altar_2, vehumet_altar_wand_db,
          overflow_temple_1_default, serial_shops, nicolae_shop_stone,
          grunt_ogre_cave, uniq_harold, uniq_maurice
Temple:   eino_temple_water

Skill      XL: |  1  2  3  4  5  6  7  8  9 |
---------------+----------------------------+-----
Spellcasting   | 3 4 5 6 7 8 |  8.4
Conjurations   | 4 5 6 7 8 |  8.5
Necromancy     | 5 6 |  6.0
Dodging        | |  1.5
Stealth        | |  1.5

Action                   |  1- 3 |  4- 6 |  7- 9 || total
-------------------------+-------+-------+-------++-------
Melee: Unarmed           |     1 |    20 |       ||    21
       Quarterstaff      |       |     7 |   107 ||   114
Throw: Stone             |       |       |     1 ||     1
 Cast: Magic Dart        |    26 |    42 |       ||    68
       Searing Ray       |     3 |    22 |    51 ||    76
       Pain              |       |    12 |   184 ||   196
Invok: Renounce Religion |       |       |     1 ||     1
  Use: Scroll            |     2 |     2 |     3 ||     7
 Stab: Sleeping          |       |       |     2 ||     2
       Paralysed         |       |       |     1 ||     1
Armor: Robe              |     2 |    18 |    27 ||    47
       Leather armour    |       |       |    39 ||    39
Dodge: Dodged            |    13 |    55 |   246 ||   314
       Rpst.: Long sword |       |       |     2 ||     2

Table legend:
 A = Spawn XP
 B = Non-spawn XP
 C = Spawn XP percentage of total XP
 D = Spawn monster count
 E = Non-spawn monster count
 F = Spawn count percentage of total count
 G = Total turns spent on level
                    A         B        C        D         E        F      G
               +---------+---------+-------+---------+---------+-------+---------
         Total |       0 |    3896 |   0.0 |       0 |     188 |   0.0 |  7891
               +---------+---------+-------+---------+---------+-------+---------
           D:1 |       0 |      23 |   0.0 |       0 |      14 |   0.0 |  1098
           D:2 |       0 |     331 |   0.0 |       0 |      20 |   0.0 |   828
           D:3 |       0 |     456 |   0.0 |       0 |      45 |   0.0 |  1197
           D:4 |       0 |     414 |   0.0 |       0 |      32 |   0.0 |  1537
           D:5 |       0 |     734 |   0.0 |       0 |      34 |   0.0 |  1825
           D:6 |       0 |    1282 |   0.0 |       0 |      26 |   0.0 |   840
           D:7 |       0 |     532 |   0.0 |       0 |      16 |   0.0 |   466
           D:8 |       0 |     124 |   0.0 |       0 |       1 |   0.0 |    14
               +---------+---------+-------+---------+---------+-------+---------
